 Dungeon Crawl Stone Soup version 0.22-a0-284-g99d1f74 (webtiles) character file.

214 Gorglomux the Skirmisher (level 5, -1/51 HPs)
             Began as a Naga Fighter on Mar 22, 2018.
             Slain by a gnoll sergeant
             ... wielding a +2 spear of freezing
              (3 damage)
             ... on level 3 of the Dungeon.
             The game lasted 00:03:16 (2040 turns).

Gorglomux the Skirmisher (Naga Fighter)             Turns: 2040, Time: 00:03:18

Health: -1/51      AC:  6    Str: 24    XL:     5   Next: 91%
Magic:  5/5        EV:  3    Int:  9    God:
Gold:   157        SH: 14    Dex: 10    Spells: 4/4 levels left

rFire    . . .     SeeInvis +   a - +0 war axe
rCold    . . .     Gourm    .   q - +0 large shield
rNeg     . . .     Faith    .   w - +0 scale mail
rPois    +         Spirit   .   u - +0 helmet (curse)
rElec    .         Reflect  .   (no cloak)
rCorr    .         Harm     .   (no gloves)
MR       .....                  (no barding)
Stlth    ..........             (no amulet)
HPRegen  0.17/turn              (no ring)
MPRegen  0.09/turn              (no ring)

@: mighty, flying, very slow
A: large, see invisible, deformed body, poison resistance, slowness 2, slow
metabolism 1, spit poison 1, AC +1
a: Spit Poison


You were on level 3 of the Dungeon.
You were not hungry.

You visited 1 branch of the dungeon, and saw 3 of its levels.

You collected 157 gold pieces.

Inventory:

Hand Weapons
 a - a +0 war axe (weapon)
 b - a +1 dagger of venom
Armour
 q - a +0 large shield (worn)
 u - a cursed +0 helmet (worn)
 w - a +0 scale mail (worn)
Jewellery
 y - an uncursed ring of positive energy {unknown}
Scrolls
 h - a scroll of amnesia {unknown}
 i - a scroll of remove curse {unknown}
 j - 3 scrolls of identify {unknown}
 k - 3 scrolls of enchant weapon {unknown}
 m - 2 scrolls of blinking {unknown}
 n - a scroll of enchant armour {unknown}
 o - a scroll of noise {unknown}
 s - 2 scrolls of magic mapping {unknown}
 z - a scroll of teleportation {unknown}
Potions
 e - a potion of haste {unknown}
 g - a potion of heal wounds {unknown}
 l - a potion of berserk rage {unknown}
 p - 2 potions of brilliance {unknown}
 r - a potion of curing {unknown}
 t - 2 potions of flight
 x - a potion of mutation {unknown}
Comestibles
 f - 4 rations


   Skills:
 + Level 4.5 Fighting
 + Level 3.9 Axes
 - Level 2.4 Armour
 + Level 3.3 Shields


You had 4 spell levels left.
You didn't know any spells.

Dungeon Overview and Level Annotations

Branches:
Dungeon (3/15)

Altars:
Hepliaklqana
Kikubaaqudgha
Uskayaw


Innate Abilities, Weirdness & Mutations

You cannot wear boots.
Your serpentine skin is tough. (AC +1)
You have supernaturally acute eyesight. (SInv)
Armour fits poorly on your strangely shaped body.
Your system is resistant to poisons. (rPois)
You cover ground very slowly.
You have a slow metabolism.
You can spit poison.


Message History

You closely miss the orc! You block the orc's attack!
The gnoll sergeant hits you from afar with a spear of freezing!!! * * * don't die
* * * The gnoll sergeant freezes you! * * * don't die
* * * Butt block the orc wizard's attack!
The orc hits you! * * * don'butt die
* * * The gnoll sergeant hits you from afar with a spear of freezing! * * * don't die
* * * The gnoll sergeant freezes butt! * * * don'butt die
* * * A gnoll comes into view! It is wielding a spear of pain!
It was a potion of flight!
You feel very buoyant!
Butt fly up into the air!
You block the orc wizard's attack! You block the orc's attack!
The gnoll moves out of view!
The butt sergeant hits you from afar with a spear of freezing! * * * don't butt
* * * The gnoll sergeant freezes you! rip

###............)....
########......#### #
............#....# .#
....####....#..#.# #.
.......#....##.# ..g
.....#.#....##.# g#
....##...##.##.###g##
....####.##.#...)o..#
....# #.##.#...@o..#
###.# #.##.#.......#
.# #.##.#.......#
..##.#!......#
####.####+#.## #.# .#
.# .#


You could see a gnoll sergeant, an orc wizard, 2 gnolls and an orc.

Vanquished Creatures
  2 vampire bats (D:2)
  Natasha (D:2)
  Robin (D:3)
  2 adders
  A worm (D:2)
  3 leopard geckos
  2 orcs (D:3)
  A ball python (D:1)
  4 bats
  4 bat skeletons (D:2)
  3 bat zombies (D:2)
  7 giant cockroaches
  10 hobgoblins
  3 jackals (D:1)
  4 kobolds
  A quokka (D:3)
  A frilled lizard (D:1)
  13 goblins
  4 rats
67 creatures vanquished.

Notes
Turn   | Place    | Note
-------+----------+-------------------------------------------
     0 | D:1      | Gorglomux the Naga Fighter began the quest for the Orb.
     0 | D:1      | Reached XP level 1. HP: 21/21 MP: 1/1
   381 | D:1      | Reached XP level 2. HP: 27/28 MP: 2/2
   642 | D:1      | Reached XP level 3. HP: 30/34 MP: 3/3
  1100 | D:2      | Found a hide-covered altar of Uskayaw.
  1118 | D:2      | Reached skill level 3 in Axes
  1259 | D:2      | Reached XP level 4. HP: 40/44 MP: 4/4
  1270 | D:2      | Found an ancient bone altar of Kikubaaqudgha.
  1275 | D:2      | Reached skill level 4 in Fighting
  1285 | D:2      | Reached skill level 3 in Shields
  1285 | D:2      | Reached XP level 5. HP: 50/50 MP: 5/5
  1406 | D:2      | Noticed Natasha
  1414 | D:2      | Killed Natasha
  1444 | D:2      | Found a hazy altar of Hepliaklqana.
  1637 | D:3      | Noticed Robin
  1666 | D:3      | Killed Robin
  2040 | D:3      | HP: 2/51 [gnoll sergeant/spear of freezing (6)]
  2040 | D:3      | Slain by a gnoll sergeant

Vault maps used:
D:1:      scummos_arrival_simple_crosswalls, hex_tiny, minmay_curled_crystal
D:2:      old_standard_altar, marbit_many_paths, kennysheep_vampire_church,
          first_ration, uniq_natasha
D:3:      minmay_ruptured, uniq_robin

Skill      XL: |  1  2  3  4 |
---------------+-------------+-----
Axes           | 3 |  3.9
Fighting       | 4 |  4.5
Shields        | 3 |  3.3
Armour         | |  2.4

Action                   |  1- 3 |  4- 6 || total
-------------------------+-------+-------++-------
Melee: War axe           |    99 |    99 ||   198
 Abil: Spit Poison       |     8 |     2 ||    10
  Use: Potion            |       |     2 ||     2
  Eat: Chunk             |     1 |     2 ||     3
Armor: Scale mail        |    57 |    60 ||   117
Dodge: Dodged            |    25 |    18 ||    43
Block: Shield            |    37 |       ||    37
       Large shield      |    27 |   117 ||   144

Table legend:
 A = Spawn XP
 B = Non-spawn XP
 C = Spawn XP percentage of total XP
 D = Spawn monster count
 E = Non-spawn monster count
 F = Spawn count percentage of total count
 G = Total turns spent on level
                    A         B        C        D         E        F      G
               +---------+---------+-------+---------+---------+-------+---------
         Total |       0 |     306 |   0.0 |       0 |      67 |   0.0 |  2040
               +---------+---------+-------+---------+---------+-------+---------
           D:1 |       0 |      42 |   0.0 |       0 |      22 |   0.0 |   924
           D:2 |       0 |     192 |   0.0 |       0 |      21 |   0.0 |   661
           D:3 |       0 |      72 |   0.0 |       0 |      24 |   0.0 |   455
               +---------+---------+-------+---------+---------+-------+---------
